 Dungeon Crawl Stone Soup version 0.21.1-1-g345015f (webtiles) character file.

98 inc the Scratcher (level 4, 0/21 HPs)
             Began as a Felid Chaos Knight on Feb 23, 2018.
             Slain by an orc (1 damage)
             ... on level 3 of the Dungeon.
             The game lasted 00:06:32 (3302 turns).

inc the Scratcher (Felid Chaos Knight)              Turns: 3302, Time: 00:06:33

Health: 0/21       AC:  1    Str:  8    XL:     4   Next: 43%
Magic:  5/5        EV: 19    Int: 12    God:    Xom [.*....]
Gold:   49         SH:  0    Dex: 15    Spells: 3/3 levels left
                                        Lives:  0   Deaths: 1

rFire    . . .     SeeInvis +     - Unarmed
rCold    . . .     Gourm    .   (shield unavailable)
rNeg     . . .     Faith    .   (armour unavailable)
rPois    .         Spirit   .   (helmet unavailable)
rElec    .         Reflect  .   (cloak unavailable)
rCorr    .         Harm     .   (gloves unavailable)
MR       .....     Rnd*Rage +   (boots unavailable)
Stlth    ++........             (no amulet)
HPRegen  0.07/turn              c - +1 ring of evasion
MPRegen  0.09/turn              (no ring)

@: quick
A: very small, no armour, no weapons or thrown items, stealth, claws 1, fangs 3,
see invisible, berserk 1, carnivore, dopey 1, speed 1, shaggy fur 1, slow
metabolism 1, sharp paws
a: Renounce Religion


You were on level 3 of the Dungeon.
You worshipped Xom.
You were a plaything of Xom.
You were not hungry.

You visited 1 branch of the dungeon, and saw 3 of its levels.

You collected 49 gold pieces.

Inventory:

Jewellery
 c - a +1 ring of evasion (left paw)
 d - an uncursed ring of fire
Scrolls
 b - 2 scrolls of identify
 e - a scroll of magic mapping
Comestibles
 a - 6 rations


   Skills:
 - Level 3.0 Fighting
 - Level 3.2 Dodging
 + Level 6.0 Unarmed Combat


You had 3 spell levels left.
You didn't know any spells.

Dungeon Overview and Level Annotations

Branches:
Dungeon (3/15)

Altars:
Dithmenos
Fedhas
Hepliaklqana
Zin

Annotations:
D:3 1 transporter


Innate Abilities, Weirdness & Mutations

You cannot wear armour.
You are incapable of wielding weapons or throwing items.
Your paws allow you to move quietly. (Stealth)
You have sharp claws.
You have razor-sharp teeth.
You have supernaturally acute eyesight. (SInv)
You are carnivorous and can eat meat at any time.
You cover ground quickly.
You are covered in fur. (AC +1)
You have a slow metabolism.
Your sharp claws are effective at attacking unaware monsters.
You tend to lose your temper in combat.
You are dopey. (Int -2)


Message History

The orc hits you.
* * * LOW HITPOINT WARNING * * *
You scratch the orc but do no damage.
The orc is moderately wounded.
The orc closely misses you.
You scratch the orc. You bite the orc, but do no damage.
The orc is almost dead.
The orc misses you.
You completely miss the orc. Your bite misses the orc.
The orc is almost dead.
The orc hits you.
* * * LOW HITPOINT WARNING * * *
The adder skeleton barely misses you.
You scratch the orc but do no damage.
The orc is almost dead.
The orc closely misses you. The adder skeleton barely misses you.
You barely miss the orc.
The orc is almost dead.
The orc hits you.
You die...

.8...# 8.8..#
._.8.# 8.8..#
.8...# .....#
#..###
###############
.......
...............
....### #.#
#@o......
######## #.#
#Z#######
.#_#_#.## #.#
#.#8≈#oo5
.#.#.#.⌠#
#.###.#P.#≈≈≈
.......8#
#.....#$.#..P
..)....##
#.#..©#©$+..≈
.#.#.#._#
#.##..#$.#..≈
_########
#.###.#P.#≈≈≈
## ## #(#
#.#8≈#5..


You could see 2 orc priests, a shadow imp, an orc and an adder skeleton.

Vanquished Creatures
  An orc priest (D:3)
  An orc wizard (D:3)
  3 adders
  2 oozes (D:1)
  A worm (D:2)
  3 dart slugs
  2 orcs (D:3)
  6 bats
  4 giant cockroaches
  11 hobgoblins
  2 jackals (D:1)
  7 kobolds
  3 ball pythons
  7 frilled lizards
  6 goblins
  4 rats
63 creatures vanquished.

Notes
Turn   | Place    | Note
-------+----------+-------------------------------------------
     0 | D:1      | inc the Felid Chaos Knight began the quest for the Orb.
     0 | D:1      | Reached XP level 1. HP: 10/10 MP: 2/2
    34 | D:1      | XOM: silly message
   298 | D:1      | Reached XP level 2. HP: 7/14 MP: 3/3
   335 | D:1      | XOM: noise
   552 | D:1      | Reached skill level 4 in Unarmed Combat
   858 | D:1      | XOM: confusion (+ monsters)
  1211 | D:1      | XOM: give mutations
  1211 | D:1      | Gained mutation: You tend to lose your temper in combat. [Xom's mischief]
  1235 | D:1      | XOM: chaos upgrade
  1244 | D:1      | Reached XP level 3. HP: 7/17 MP: 4/4
  1335 | D:1      | XOM: give mutation
  1335 | D:1      | Gained mutation: You are dopey. (Int -2) [Xom's mischief]
  1716 | D:2      | XOM: medium Fire miscast
  2679 | D:2      | Reached XP level 4. HP: 17/21 MP: 5/5
  2797 | D:2      | Reached skill level 5 in Unarmed Combat
  3024 | D:3      | XOM: summons 2 hostile demons
  3139 | D:3      | XOM is BORED!
  3139 | D:3      | XOM: mild Ice miscast
  3193 | D:3      | Found a faded altar of an unknown god.
  3215 | D:3      | Found a shadowy altar of Dithmenos.
  3221 | D:3      | Found a glowing silver altar of Zin.
  3221 | D:3      | Found a hazy altar of Hepliaklqana.
  3230 | D:3      | Found a blossoming altar of Fedhas.
  3268 | D:3      | Slain by an orc
  3269 | D:3      | Reached XP level 3. HP: 0/17 MP: 4/4
  3278 | D:3      | Found a transporter.
  3288 | D:3      | Reached XP level 4. HP: 12/21 MP: 5/5
  3293 | D:3      | Reached skill level 6 in Unarmed Combat
  3300 | D:3      | HP: 1/21 [orc (4)]
  3302 | D:3      | Slain by an orc

Skill      XL: |  1  2  3  4 |
---------------+-------------+-----
Unarmed Combat | 4 6 |  6.0
Fighting       | |  3.0
Dodging        | |  3.2

Action                   |  1- 3 |  4- 6 || total
-------------------------+-------+-------++-------
Melee: Unarmed           |   125 |    74 ||   199
       Punch             |     6 |     3 ||     9
       Bite              |     5 |     3 ||     8
  Use: Potion            |     4 |       ||     4
       Scroll            |     4 |     2 ||     6
 Stab: Sleeping          |     5 |       ||     5
  Eat: Chunk             |     7 |       ||     7
Armor: Skin              |     9 |     3 ||    12
Dodge: Dodged            |    95 |    72 ||   167
